[Event "IRI-ch Men Final 2015"]
[Site "Tehran"]
[Date "2016.01.26"]
[Round "9"]
[White "Darini, Pouria"]
[Black "Mousavi, Seyed Khalil"]
[Result "1-0"]
[ECO "C11"]
[WhiteElo "2474"]
[BlackElo "2425"]
[PlyCount "67"]
[EventDate "2016.??.??"]
[EventCountry "IRI"]
[TimeControl "40/5400+30:1800+30"]

1. e4 e6 2. d4 d5 3. Nc3 Nf6 4. e5 Nfd7 5. f4 c5 6. Nf3 Nc6 7. Be3 cxd4 8. Nxd4 Bc5 9. Qd2 a6 10. O-O-O O-O 11. Kb1 Nxd4 12. Bxd4 b5 13. h4 Bb7 14. Ne2 Qe7 15. Qe3 Rac8 16. g4 f6 17. Bh3 Bxd4 18. Nxd4 fxe5 19. fxe5 Nc5 20. g5 Kh8 21. h5 Bc6 22. h6 g6 23. Rhf1 Bd7 24. Bg2 Nb7 25. Rf6 Na5 26. b3 Qa3 27. Qc1 Qxc1+ 28. Kxc1 Rxf6 29. exf6 e5 30. Bxd5 exd4 31. Rxd4 Bc6 32. f7 Rf8 33. Bxc6 Nxc6 34. Re4 1-0

[Event "IRI-ch Men Final 2015"]
[Site "Tehran"]
[Date "2016.01.26"]
[Round "9"]
[White "Ghaem Maghami, Ehsan"]
[Black "Firouzja, Alireza"]
[Result "0-1"]
[ECO "A50"]
[WhiteElo "2594"]
[BlackElo "2455"]
[PlyCount "84"]
[EventDate "2016.??.??"]
[EventCountry "IRI"]
[TimeControl "40/5400+30:1800+30"]

1. c4 g6 2. d4 Nf6 3. Bg5 Bg7 4. Nc3 O-O 5. e4 d6 6. Qd2 c5 7. d5 e6 8. f3 exd5 9. cxd5 a6 10. Nge2 b5 11. Ng3 Re8 12. Be2 Nbd7 13.
O-O Rb8 (13... Qc7 14. Rac1 b4 15. Nd1 a5 16.
Bh6 Bh8 17. Ne3 Nb6 18. Kh1 Ba6 19. Bxa6 Rxa6 20. f4 Raa8 21. e5 dxe5 22. fxe5
Qxe5 23. Rxc5 Nfd7 24. Rc2 Rac8 25. Rxc8 Rxc8 26. d6 Qe6 27. b3 Be5 28. Bf4
Bxf4 29. Rxf4 f5 30. Rf1 Re8 31. Nexf5 gxf5 32. Nxf5 Kh8 33. Ne7 Ne5 34. h3
Nbd7 35. Qd4 Kg7 36. Nf5+ Kg8 37. Ne7+ Kg7 38. Nf5+ Kg8 39. Ne7+ {1/2-1/2 (39)
Dreev,A (2711)-Khairullin,I (2642) St Petersburg 2011}) 14. Kh1 (14. b3 Qa5 15. Rac1 c4 16. Nb1 Qxd2 17. Nxd2 c3 18. Rxc3 Nxd5 19. Rxc8 Rbxc8
20. exd5 Rc2 21. Nde4 Rxa2 22. Nxd6 Rexe2 23. Nxe2 Rxe2 24. Rd1 f5 25. Kf1 Ra2
26. Rc1 Ra1 27. Rxa1 Bxa1 28. Nb7 Bd4 29. Ke2 Nc5 30. Nxc5 Bxc5 31. Bd2 Kf7 32.
b4 Bd6 33. g3 Ke7 34. Kd3 Kd7 35. Kd4 h5 36. Be1 h4 37. Ke3 h3 38. f4 Bf8 39.
Kf3 Kd6 40. g4 Kxd5 41. gxf5 gxf5 42. Kg3 Kc4 {0-1 (42) Atalik,S (2535)-Gufeld,
E (2445) Beijing 1996}) 14... Qe7 15. a4 b4 16. Nd1 Qf8 $1 {[%emt 0:02:00] Not only
preventing White from exchanging off the monster bishop on g7, but prepares an
h6-h5 of his own to force White's pieces back.} 17. Nf2 h6 18. Be3 h5 19. Rfe1 a5 $6 {[%emt 0:11:21] A strange decision. On the one hand, Black wants
to secure the b6 square for his knight where it will have a good range of
action, but on the other, it gives White's (very) bad bishop a lovely square
on b5.} 20. Bb5 Bb7 21. Nf1 Rec8 22. Rac1 Nb6 23. Qc2 Nfd7 {[%emt 0:01:15] Black's plan is clear and White seems to
have given up on his central expansion, usually prepared via f4-e5. Instead
Black has the initiative now and is threatening ...c4 after which he will be
doing very well.} 24. Nd2 $2 {[%emt 0:00:54] Quite simply a mistake. Yes, it
aims at the c4 square, but not it does not prevent ...c4 from being played.} (
24. b3 $1 {was obligatory, after which it would be a complicated struggle
still, with a small edge for White thanks to his space advantage.}) 24... c4 $1
{[%emt 0:01:33] Now, not only has Black equalized, he is probably a bit better.
} 25. Qb1 c3 26. bxc3 Bxc3 27. Nd1 Bxd2 28. Bxd2 Rxc1 29. Bxc1 {[%emt 0:01:23] In spite of
having played his dream breakthrough with ...c4, White is still fine, and
mostly because of that bishop on b5. It shows how a small mistake can still
have long reaching consequences.} Nc5 $1 {[%emt 0:00:07] The purpose of ths
move is not simply to plant the knight on a nice square, but to prepare Ba6
and trade off that bishop on b5. If it goes down, the a4 pawn may also fall.}
30. Nb2 $2 {[%emt 0:02:03] White is clearly rattled at the way he lost control
of the game. This is not how the top-seed 2600 player envisioned it at the
start of the day.} (30. Be3 {was the only move to prevent an immediate ...Ba6.}
) 30... Ba6 31. Bxa6 Nxa6 32. Be3 Nc5 {[%emt 0:00:43] Simply put: White is in a world
of pain.} 33. Qd1 Qe8 34. Bxc5 $2 {[%emt 0:
02:33] This only forestalls the loss of the pawn for a couple of moves, and
instead brings in new issues, such as two monster connected passed pawns.
White is panicking.} dxc5 35. Qb3 Qe5 36. Rd1 Qc3 $1 {[%emt 0:01:17] Black has now
calculated the win to the end.} 37. Qxc3 bxc3 38. Nd3 c2 39. Rc1 {[%emt 0:00:07] [#] Black
had foreseen this next shot already when he played 36...Qc3.} Nxd5 $3 40. Rxc2 ({After} 40. exd5 Rb1 41. Rg1 {Forced since
the threat was ...c4, evicting the knight from the rook's protection.} Rd1 $1
42. Nc1 h4 $1 {and White will soon be in complete zugzwang.}) 40... Nb4 41. Nxb4 (41. Rc3 Nxd3 {and White cannot take
due to the back rank mate.}) 41... axb4 42. Rxc5 b3 {[%emt 0:00:03] White resigned.} (42... b3 $1 {the game would conclude
with the very elegant} 43. Rc1 b2 44. Rb1 Rc8 $3 {and there is no defense
against ...Rc1}) 0-1

[Event "IRI-ch Men Final 2015"]
[Site "Tehran"]
[Date "2016.01.26"]
[Round "9"]
[White "Gholami, Aryan"]
[Black "Khamisi, S Jafar"]
[Result "1/2-1/2"]
[ECO "A06"]
[WhiteElo "2398"]
[BlackElo "2279"]
[PlyCount "59"]
[EventDate "2016.??.??"]
[EventCountry "IRI"]
[TimeControl "40/5400+30:1800+30"]

1. Nf3 d5 2. g3 Nf6 3. Bg2 c6 4. O-O Bf5 5. d3 e6 6. Nbd2 h6 7. b3 Be7 8. Bb2 O-O 9. c4 Nbd7 10. Qc2 a5 11. a3 Re8 12. Rac1 Qb6 13.
Qb1 Bf8 14. Qa1 Bh7 15. Ne5 Nxe5 16. Bxe5 Be7 17. Qb2 c5 18. cxd5 exd5 19. e4 dxe4 20. dxe4 a4 21. Bc3 axb3 22. e5 Nd7 23. e6 Nf6 24. exf7+ Kxf7 25. Nc4 Qb5 26. Bxf6 Bxf6 27. Nd6+ Kf8 28. Qxf6+ gxf6 29. Nxb5 b2 30. Rxc5 1/2-1/2

[Event "IRI-ch Men Final 2015"]
[Site "Tehran"]
[Date "2016.01.26"]
[Round "9"]
[White "Lorparizangeneh, Shahin"]
[Black "Mosadeghpour, Masoud"]
[Result "1-0"]
[ECO "D34"]
[WhiteElo "2442"]
[BlackElo "2475"]
[PlyCount "100"]
[EventDate "2016.??.??"]
[EventCountry "IRI"]
[TimeControl "40/5400+30:1800+30"]

1. Nf3 d5 2. d4 e6 3. c4 c5 4. cxd5 exd5 5. g3 Nc6 6. Bg2 Nf6 7. O-O Be7 8. Nc3 O-O 9. Bg5 c4 10. Ne5 Be6 11. b3 Qa5 12. Qd2 Rad8 13.
Nxc6 bxc6 14. Rfd1 Qa6 15. Na4 Bg4 16. h3 Bf5 17. Bxf6 Bxf6 18. Nc5 Qb6 19. Rac1 cxb3 20. Nxb3 Rb8 21. Qf4 Bg6 22. Qd6 Rfc8 23. e3 a5 24. Qa3 Ra8 25. Nc5 Qb4 26. Qc3 Be7 27. a3 Qxc3 28.
Rxc3 Bd6 29. Rdc1 Rab8 30. Bf3 h5 31. Kg2 f6 32. Nd7 Rb7 33.
Nc5 Ra7 34. Na4 Rd8 35. Rb3 Be8 36. Rcc3 Rb8 37. Rxb8 Bxb8 38. Nb6 Kf8 39. Na4 Rb7 40. Nc5 Ra7 41. Ne6+ Kg8 42. Nd8 Bd6 43. Nxc6 Bxc6 44. Rxc6 Bxa3 45. Bxh5 a4 46. Rc8+ Kh7 47. Bf3 Ra5 48. Rd8 Be7 49. Rd7 a3 50. Bxd5 Bf8 1-0

[Event "IRI-ch Men Final 2015"]
[Site "Tehran"]
[Date "2016.01.26"]
[Round "9"]
[White "Maghsoodloo, Parham"]
[Black "Bagheri, Maziar"]
[Result "0-1"]
[ECO "A06"]
[WhiteElo "2450"]
[BlackElo "2262"]
[PlyCount "108"]
[EventDate "2016.??.??"]
[EventCountry "IRI"]
[TimeControl "40/5400+30:1800+30"]

1. Nf3 d5 2. g3 c6 3. Bg2 Nd7 4. d4 e6 5. O-O Bd6 6. b3 Qe7 7. Bb2 f5 8. c4 Ngf6 9. Qc2 Ne4 10. Nbd2 O-O 11. a3 Qf7 12. Ne5 Qh5 13. Nxe4 fxe4 14. f4 Be7 15. e3 Nxe5 16. dxe5 Bd7 17. c5 Qg6 18. Rf2 h5 19. Bf1 b6 20. Bd4 Rfb8 21. Rb1 b5 22. Be2 a5 23. Qd1 Be8 24. Rg2 b4 25.
a4 Rb7 26. h3 Qh7 27. g4 Bg6 28. Qe1 Rf8 29. Qg3 hxg4 30. hxg4 Bh4 31. Qh3 Bf2+ 32. Kh2 Rxf4 33. Qxh7+ Bxh7 34. Rf1 Rbf7 35. exf4 Bxd4 36. Ba6 Rxf4 37. Rxf4 Bxe5 38. Kh3 Bxf4 39. Bb5 Kf7 40. Bxc6 Ke7 41. Re2 e3 42. Kg2 Be4+ 43. Kf1 e5 44. Ba8 Ke6 45. Bb7 Bd3 46. Bc8+ Ke7 47. Bb7 d4 48. Ke1 Kd8 49. Rg2 Kc7 50. Bd5 Ba6 51. Rc2 d3 52. Rc4 e2 53. Rxf4 exf4 54. Be4 g5 0-1

[Event "IRI-ch Men Final 2015"]
[Site "Tehran"]
[Date "2016.01.27"]
[Round "10"]
[White "Javanbakht, Nima"]
[Black "Darini, Pouria"]
[Result "1/2-1/2"]
[ECO "A04"]
[WhiteElo "2422"]
[BlackElo "2474"]
[PlyCount "48"]
[EventDate "2016.??.??"]
[EventType "tourn"]
[EventRounds "11"]
[EventCountry "IRI"]
[TimeControl "40/5400+30:1800+30"]

1. Nf3 c5 2. e3 Nf6 3. d4 e6 4. c4 d5 5. Nc3 Nc6 6. a3 a6 7. dxc5 Bxc5 8. b4 Ba7 9. Bb2 O-O 10. Be2 dxc4 11. Qxd8 Rxd8 12. Bxc4 b5 13. Bb3 Bb7 14. O-O Bb6 15. Rfd1 Rac8 16. Rxd8+ Rxd8 17. Kf1 a5 18. Nxb5 axb4 19. Nbd4 Nxd4 20. Bxd4 Bxd4 21. Nxd4 Ra8 22. a4 e5 23. Nf3 Ne4 24. Rc1 Rc8 1/2-1/2

[Event "IRI-ch Men Final 2015"]
[Site "Tehran"]
[Date "2016.01.27"]
[Round "10"]
[White "Khamisi, S Jafar"]
[Black "Noroozi, Omid"]
[Result "0-1"]
[ECO "B90"]
[WhiteElo "2279"]
[BlackElo "2399"]
[PlyCount "98"]
[EventDate "2016.??.??"]
[EventType "tourn"]
[EventRounds "11"]
[EventCountry "IRI"]
[TimeControl "40/5400+30:1800+30"]

1. e4 c5 2. Nf3 d6 3. d4 cxd4 4. Nxd4 Nf6 5. Nc3 a6 6. h3 e5 7. Nb3 b5 8. Bg5 Nbd7 9. a4 b4 10. Nd5 Bb7 11. g3 Be7 12. Nxe7 Qxe7 13. Bg2 h6 14. Bxf6 Nxf6 15. Qd3 d5 16. exd5 e4 17. Qe3 Bxd5 18.
O-O O-O 19. Rfd1 Rac8 20. Rd2 Rfe8 21. Rad1 Bc6 22. Nd4 Bd7 23. a5 Qe5 24. Ra1 Nd5 25. Qe1 f5 26. Rad1 Nf6 27. Bf1 Rc7 28. Bxa6 f4 29. gxf4 Qxa5 30. Bf1 Qh5 31. Qe3 Nd5 32. Qg3 e3 33. Re2 exf2+ 34. Kxf2 Rf8 35. Ke1 Nxf4 36. Re7 Rf7 37. Rxf7 Qxf7 38. Rd2 Ra7 39. Rf2 g5 40. h4 Qg7 41. Qb3+ Kh8 42. Qxb4 Ra8 43. hxg5 Nd5 44. Qc5 Ra1+ 45. Kd2 Qxg5+ 46. Kd3 Qe3+ 47. Kc4 Qxf2 48. Bd3 Ne3+ 49. Kb3 Ba4+ 0-1

[Event "IRI-ch Men Final 2015"]
[Site "Tehran"]
[Date "2016.01.27"]
[Round "10"]
[White "Lorparizangeneh, Shahin"]
[Black "Gholami, Aryan"]
[Result "1/2-1/2"]
[ECO "A38"]
[WhiteElo "2442"]
[BlackElo "2398"]
[PlyCount "91"]
[EventDate "2016.??.??"]
[EventType "tourn"]
[EventRounds "11"]
[EventCountry "IRI"]
[TimeControl "40/5400+30:1800+30"]

1. c4 Nf6 2. Nc3 c5 3. g3 Nc6 4. Nf3 g6 5. Bg2 Bg7 6. d4 cxd4 7. Nxd4 O-O 8. O-O Qa5 9. Nb3 Qh5 10. c5 d6 11. cxd6 Rd8 12. e4 Rxd6 13.
Qxh5 Nxh5 14. Be3 Bxc3 15. bxc3 e5 16. c4 Ng7 17. a4 Ne6 18.
a5 Ncd4 19. Nxd4 Nxd4 20. c5 Rd8 21. Bg5 Re8 22. Rfb1 a6 23.
Rb6 Ra7 24. h4 Bd7 25. Bf6 Bc6 26. f4 Nc2 27. Rc1 Ne3 28. Bf3 exf4 29. gxf4 h5 30. Kf2 Ng4+ 31. Bxg4 hxg4 32. e5 Raa8 33. Kg3 Bf3 34. Rd6 Rac8 35. Rd7 Rc6 36. Rc2 Be4 37. Rc3 Rcc8 38. Rd4 Bf5 39. Rc1 Kh7 40. Rd2 Rc6 41. Rc3 Kh6 42. Bd8 Kh5 43. Bg5 Rc7 44. Bd8 Rc6 45. Bg5 Rc7 46. Bd8 1/2-1/2

[Event "IRI-ch Men Final 2015"]
[Site "Tehran"]
[Date "2016.01.27"]
[Round "10"]
[White "Mosadeghpour, Masoud"]
[Black "Bagheri, Maziar"]
[Result "1-0"]
[ECO "A06"]
[WhiteElo "2475"]
[BlackElo "2262"]
[PlyCount "83"]
[EventDate "2016.??.??"]
[EventType "tourn"]
[EventRounds "11"]
[EventCountry "IRI"]
[TimeControl "40/5400+30:1800+30"]

1. Nf3 d5 2. g3 c6 3. Bg2 Nf6 4. O-O Nbd7 5. c4 dxc4 6. Qc2 e5 7. Qxc4 Bd6 8. d3 O-O 9. Qc2 h6 10. Nc3 Qe7 11. d4 Re8 12. e4 Bb4 13.
Bd2 exd4 14. Nxd4 Ne5 15. Rad1 Rd8 16. Be3 Nc4 17. Bc1 Bg4 18. f3 Bc5 19. Nce2 Be6 20. Kh1 g5 21. Nxe6 Qxe6 22. Qc3 Bb6 23. b3 Nd6 24. Bb2 Nde8 25. h4 Rxd1 26. Rxd1 Rd8 27. Rxd8 Bxd8 28. Nd4 Qe5 29. Qd2 Ba5 30. b4 c5 31. Ne2 Bxb4 32. Qxb4 cxb4 33. Bxe5 Nd7 34. Bd4 a5 35. hxg5 hxg5 36. Bh3 Nb8 37. Bb6 a4 38. Nd4 Na6 39. Bd7 b3 40. axb3 a3 41. Bxe8 Nb4 42. Ne2 1-0

[Event "IRI-ch Men Final 2015"]
[Site "Tehran"]
[Date "2016.01.27"]
[Round "10"]
[White "Mousavi, Seyed Khalil"]
[Black "Ghaem Maghami, Ehsan"]
[Result "1/2-1/2"]
[ECO "E42"]
[WhiteElo "2425"]
[BlackElo "2594"]
[PlyCount "75"]
[EventDate "2016.??.??"]
[EventType "tourn"]
[EventRounds "11"]
[EventCountry "IRI"]
[TimeControl "40/5400+30:1800+30"]

1. d4 Nf6 2. c4 e6 3. Nc3 Bb4 4. e3 c5 5. Nge2 cxd4 6. exd4 d5 7. c5 Ne4 8. Qd3 O-O 9. a3 Bxc3+ 10. Nxc3 Nxc3 11. Qxc3 Nc6 12. Bb5 e5 13. Bxc6 exd4 14. Qxd4 bxc6 15. O-O Re8 16. Be3 Re4 17. Qc3 Ba6 18. Rfd1 Qe7 19. Rd4 Re8 20. Rad1 f6 21. h3 Qb7 22. Rxe4 Rxe4 23. Rd4 Rxd4 24. Qxd4 Qd7 25. Qf4 h6 26. Bd4 Kf7 27. a4 Qe7 28. Be3 Qe5 29. Qg4 Qe6 30. Qb4 Qe4 31. Qa5 d4 32. Qxa6 dxe3 33. Qxa7+ Kg6 34. fxe3 Qxe3+ 35. Kh1 Qe1+ 36. Kh2 Qe5+ 37. Kh1 Qe1+ 38. Kh2 1/2-1/2

[Event "IRI-ch Men Final 2015"]
[Site "Tehran"]
[Date "2016.01.27"]
[Round "10"]
[White "Firouzja, Alireza"]
[Black "Maghsoodloo, Parham"]
[Result "1/2-1/2"]
[ECO "B43"]
[WhiteElo "2455"]
[BlackElo "2450"]
[PlyCount "120"]
[EventDate "2016.??.??"]
[EventType "tourn"]
[EventRounds "11"]
[EventCountry "IRI"]
[TimeControl "40/5400+30:1800+30"]

1. e4 c5 2. Nf3 e6 3. d4 cxd4 4. Nxd4 a6 5. Nc3 Qc7 6. Qf3 Nf6 7. Bg5 Qe5 8. Be3 Bb4 9. Bd3 d5 10. exd5 Nxd5 11. O-O Nxe3 12. fxe3 O-O 13. Nce2 Nd7 14. c3 Be7 15. Ng3 g6 16. a4 Qg7 17. Qe2 Ne5 18. Be4 Qh6 19. Rfd1 Rb8 20. Nf1 Bd8 21. Nf3 Bc7 22. Nxe5 Bxe5 23. a5 Qh4 24. Bc2 Qe7 25. Nd2 Bd7 26. Nf3 Bc7 27. e4 Rfd8 28. Kh1 Qc5 29. Qe1 Qh5 30. b4 g5 31. Qg1 g4 32. Nd4 Rbc8 33. Bd3 Be5 34. Ra3 Ba4 35. Rxa4 Rxc3 36. b5 axb5 37. Bxb5 Bf4 38. Be2 Qc5 39. Nb3 Rxd1 40. Bxd1 Qe5 41. Rb4 Re3 42. Nd4 Rd3 43. Bxg4 Be3 44. Qf1 Rxd4 45. Rxb7 f5 46. Bf3 Qxa5 47. Rb5 Qc7 48. exf5 exf5 49. Rxf5 Qc1 50. Qxc1 Bxc1 51. g3 Kg7 52. Rc5 Be3 53. Rc7+ Kg8 54. h4 Rd2 55. Be4 h6 56. Bg2 Bf2 57. Rc3 Bd4 58. Rc6 Kg7 59. Be4 Be5 60. Rg6+ Kf7 1/2-1/2

[Event "IRI-ch Men Final 2015"]
[Site "Tehran"]
[Date "2016.01.28"]
[Round "11"]
[White "Bagheri, Maziar"]
[Black "Firouzja, Alireza"]
[Result "0-1"]
[ECO "E97"]
[WhiteElo "2262"]
[BlackElo "2455"]
[PlyCount "94"]
[EventDate "2016.??.??"]
[EventType "tourn"]
[EventRounds "11"]
[EventCountry "IRI"]
[TimeControl "40/5400+30:1800+30"]

1. d4 Nf6 2. c4 g6 3. Nc3 Bg7 4. e4 d6 5. Nf3 O-O 6. Be2 e5 7. O-O Nc6 8. d5 Ne7 9. b4 a5 10. bxa5 c5 11. Qc2 Rxa5 12. a4 Ne8 13. Ra3 f5 14. Ng5 h6 15.
Ne6 Bxe6 16. dxe6 Nc7 17. Qb1 Nxe6 18. Qxb7 Nd4 19. Bd1 Nec6 20. Qb1 f4 21. Bd2 f3 22. Nb5 fxg2 23. Kxg2 Ra6 24. a5 Ne6 25. Kh1 Rf6 26. Nc3 Rxa5 27. Rxa5 Qxa5 28. Qb5 Qa8 29. Nd5 Rf7 30. Bg4 Ned4 31. Qb2 Rb7 32. Qc3 Rb3 33. Qc1 Qa3 34. Bxh6 Qxc1 35. Bxc1 Na5 36. f4 exf4 37. Bxf4 Nxc4 38. Bd7 Be5 39. Bg5 Rf3 40. Rb1 Rf2 41. Rb8+ Kg7 42. Bg4 Rxh2+ 43. Kg1 Rb2 44. Rc8 Rb7 45. Kg2 Kf7 46. Kh3 Ne6 47. Bc1 Rb3+ 0-1

[Event "IRI-ch Men Final 2015"]
[Site "Tehran"]
[Date "2016.01.28"]
[Round "11"]
[White "Darini, Pouria"]
[Black "Khamisi, S Jafar"]
[Result "1/2-1/2"]
[ECO "C51"]
[WhiteElo "2474"]
[BlackElo "2279"]
[PlyCount "122"]
[EventDate "2016.??.??"]
[EventType "tourn"]
[EventRounds "11"]
[EventCountry "IRI"]
[TimeControl "40/5400+30:1800+30"]

1. e4 e5 2. Nf3 Nc6 3. Bc4 Bc5 4. b4 Bxb4 5. c3 Bd6 6. O-O Nf6 7. d4 O-O 8. Nbd2 exd4 9. cxd4 Be7 10. e5 Ne8 11. d5 Na5 12. Bd3 d6 13.
Qc2 h6 14. Bb2 dxe5 15. Nxe5 Nf6 16. Bc3 Qxd5 17. Rad1 Qc5 18. Ne4 Nxe4 19. Bxe4 Be6 20. Nd7 Bxd7 21. Rxd7 Bf6 22. Bxa5 Qxa5 23. Rxc7 Rad8 24. Rxb7 Bd4 25. Qb3 Rd6 26. Rb5 Qd2 27. Rd5 Rf6 28. Bf3 Qf4 29. Qd3 Bb6 30. Qd2 Qxd2 31. Rxd2 Rc8 32. Rfd1 Rc3 33. Be4 g6 34. Kf1 Kg7 35. f3 h5 36. Rd7 h4 37. h3 Kh6 38.
R1d3 Rc1+ 39. Rd1 Rxd1+ 40. Rxd1 Re6 41. Rd7 f5 42. Bd5 Re8 43. Bb3 Kg5 44. Rd6 Re7 45. Ba4 Ba5 46. Rd5 Bb6 47. Rd6 Ba5 48. Bb3 Bc7 49. f4+ Kh6 50. Rd4 Re4 51. Rxe4 fxe4 52. Bc2 Bxf4 53. Bxe4 g5 54. Ke2 Kg7 55. Kf3 Kf6 56. Kg4 Be5 57. Bd5 Bd6 58. Kh5 Be5 59. a4 a5 60. Bc4 Bd6 61. Kg4 Bf4 1/2-1/2

[Event "IRI-ch Men Final 2015"]
[Site "Tehran"]
[Date "2016.01.28"]
[Round "11"]
[White "Ghaem Maghami, Ehsan"]
[Black "Javanbakht, Nima"]
[Result "1/2-1/2"]
[ECO "E04"]
[WhiteElo "2594"]
[BlackElo "2422"]
[PlyCount "51"]
[EventDate "2016.??.??"]
[EventType "tourn"]
[EventRounds "11"]
[EventCountry "IRI"]
[TimeControl "40/5400+30:1800+30"]

1. c4 e6 2. Nf3 d5 3. d4 Nf6 4. g3 dxc4 5. Bg2 Bb4+ 6. Bd2 c5 7. O-O O-O 8.
dxc5 Bxc5 9. Qc2 Nbd7 10. Qxc4 b5 11. Qd3 b4 12. a3 Qa5 13.
Qb3 Rb8 14. Qa2 Qb6 15. axb4 Bxb4 16. Qxa7 Bxd2 17. Nbxd2 Qxa7 18. Rxa7 Rxb2 19. Rc1 Bb7 20. Nc4 Rb4 21. Nd6 Bxf3 22. Bxf3 Rd4 23. Nb5 Rd2 24. Rac7 Ne5 25. Kg2 g6 26. R7c2 1/2-1/2

[Event "IRI-ch Men Final 2015"]
[Site "Tehran"]
[Date "2016.01.28"]
[Round "11"]
[White "Gholami, Aryan"]
[Black "Mosadeghpour, Masoud"]
[Result "1-0"]
[ECO "A48"]
[WhiteElo "2398"]
[BlackElo "2475"]
[PlyCount "77"]
[EventDate "2016.??.??"]
[EventType "tourn"]
[EventRounds "11"]
[EventCountry "IRI"]
[TimeControl "40/5400+30:1800+30"]

1. d4 Nf6 2. Nf3 g6 3. Bf4 Bg7 4. e3 c5 5. c3 cxd4 6. exd4 O-O 7. Be2 d6 8. O-O Be6 9. Na3 Qb6 10. Qd2 Nc6 11. Rfe1 Rac8 12. h3 a6 13. Nc4 Qc7 14. Ne3 Nd5 15. Bg3 h6 16. Bc4 Nxe3 17. Bxe6 Nxg2 18. Kxg2 fxe6 19. Rxe6 Qd7 20. d5 Nd8 21. Rxg6 Rxf3 22. Rxg7+ Kxg7 23. Kxf3 Qxh3 24. Qd4+ Kf7 25. Qe4 Qh5+ 26. Kg2 Qg6 27. Qe3 Qg5 28. Qf3+ Qf6 29. Qg4 Rc7 30. Re1 Qg6 31. Qd4 Qf6 32. Qb6 Rd7 33. Re4 Ke8 34. Rf4 Qg6 35. Qd4 Nf7 36. Rg4 Qh7 37. Rg7 Qh8 38. Qg4 Ng5 39. Qh5+ 1-0

[Event "IRI-ch Men Final 2015"]
[Site "Tehran"]
[Date "2016.01.28"]
[Round "11"]
[White "Maghsoodloo, Parham"]
[Black "Mousavi, Seyed Khalil"]
[Result "1/2-1/2"]
[ECO "D20"]
[WhiteElo "2450"]
[BlackElo "2425"]
[PlyCount "37"]
[EventDate "2016.??.??"]
[EventType "tourn"]
[EventRounds "11"]
[EventCountry "IRI"]
[TimeControl "40/5400+30:1800+30"]

1. d4 d5 2. c4 dxc4 3. e3 Nf6 4. Bxc4 e6 5. Nf3 a6 6. O-O b5 7. Be2 Bb7 8. b3 Nbd7 9. Bb2 c5 10. Nbd2 Be7 11. a4 b4 12. Nc4 O-O 13.
Rc1 Rc8 14. Nfe5 cxd4 15. Bxd4 Nc5 16. Nd3 Nd5 17. Bf3 Ba8 18. Nxc5 Bxc5 19. Bb2 1/2-1/2

[Event "IRI-ch Men Final 2015"]
[Site "Tehran"]
[Date "2016.01.28"]
[Round "11"]
[White "Noroozi, Omid"]
[Black "Lorparizangeneh, Shahin"]
[Result "1/2-1/2"]
[ECO "C67"]
[WhiteElo "2399"]
[BlackElo "2442"]
[PlyCount "30"]
[EventDate "2016.??.??"]
[EventType "tourn"]
[EventRounds "11"]
[EventCountry "IRI"]
[TimeControl "40/5400+30:1800+30"]

1. e4 e5 2. Nf3 Nc6 3. Bb5 Nf6 4. O-O Nxe4 5. Re1 Nd6 6.
Nxe5 Be7 7. Bf1 Nxe5 8. Rxe5 O-O 9. Nc3 Bf6 10. Re1 Re8 11.
Nd5 Rxe1 12. Qxe1 b6 13. g3 Bb7 14. Bg2 Bxd5 15. Bxd5 c6 1/2-1/2